 Dungeon Crawl Stone Soup version 0.26-a0-579-g3afe4966bf (webtiles) character file.

Game seed: 7535514065149166145

5 ANON1729 the Magician (level 1, -1/16 HPs)
             Began as a Demonspawn Wanderer on Aug 23, 2020.
             Slain by a goblin (3 damage)
             ... on level 1 of the Dungeon.
             The game lasted 00:00:41 (232 turns).

ANON1729 the Magician (Demonspawn Wanderer)          Turns: 232, Time: 00:00:42

Health: -1/16      AC:  2    Str: 12    XL:     1   Next: 66%
Magic:  3/3        EV: 11    Int: 11    God:
Gold:   16         SH:  0    Dex: 14    Spells: 4/4 levels left

rFire    . . .     SeeInvis .   a - +0 mace
rCold    . . .     Faith    .   (no shield)
rNeg     . . .     Spirit   .   d - +0 robe
rPois    .         Reflect  .   (no helmet)
rElec    .         Harm     .   (no cloak)
rCorr    .                      (no gloves)
MR       .....                  (no boots)
Stlth    ++........             (no amulet)
HPRegen  0.05/turn              (no ring)
MPRegen  0.08/turn              (no ring)

@: no status effects
A: no striking features
a: no special abilities


You were on level 1 of the Dungeon.
You visited 1 branch of the dungeon, and saw 1 of its levels.

You collected 16 gold pieces.

Inventory:

Hand Weapons
 a - a +0 mace (weapon)
Armour
 d - a +0 robe (worn)
Scrolls
 b - a scroll of identify {unknown}
Potions
 c - a potion of flight {unknown}


   Skills:
 + Level 2.1 Fighting
 - Level 1.0 Maces & Flails
 + Level 0.4 Dodging
 - Level 1.0 Stealth
 + Level 2.1 Spellcasting
   Level 1.0 Summonings
   Level 1.7 Air Magic
   Level 1.0 Evocations


You had 4 spell levels left.
You didn't know any spells.
Your spell library contained the following spells:

 Spells                   Type           Power        Failure   Level
 Apportation              Tloc           #.....       28%         1
 Magic Dart               Conj           #...         28%         1
 Call Imp                 Summ           #.......     28%         2
 Blink                    Tloc           N/A          41%         2
 Slow                     Hex            #.......     41%         2
 Mephitic Cloud           Conj/Pois/Air  #.......     56%         3
 Conjure Flame            Conj/Fire      #.......     65%         3
 Portal Projectile        Hex/Tloc       #.....       65%         3


Dungeon Overview and Level Annotations

Branches:
Dungeon (1/15)

Altars:


Message History

You thump the goblin!
You kill the goblin!
The goblin hits you with a +0 dagger.
* * * LOW HITPOINT WARNING * * *
The goblin hits you with a +0 dagger.
* * * LOW HITPOINT WARNING * * *
You hit the goblin.
You kill the goblin!
A goblin comes into view.
The goblin shouts!
You don't know any spells.
Sorry, you're not good enough to have a special ability.
Unknown command.
You don't know any spells.
Unknown command.
You barely miss the goblin. The goblin barely misses you.
You barely miss the goblin. The goblin barely misses you.
You closely miss the goblin. The goblin closely misses you.
The goblin hits you.
You die...

#######+#####
............
......!...#
.......)..#
#...?.)...#
..........# ##
........### ..##
........#######...#
........g@........#
................#.#
........#.#######
....#.....#.#
....#.....#.# ...
#.....#.#####. ...
+.............
#.#.............
#.#.....#.#.###.


You could see a goblin.

Vanquished Creatures
  A giant cockroach (D:1)
  2 goblins (D:1)
  A frilled lizard (D:1)
  A rat (D:1)
5 creatures vanquished.

Vanquished Creatures (others)
  5 toadstools (D:1)
5 creatures vanquished.

Grand Total: 10 creatures vanquished

Notes
Turn   | Place    | Note
-------+----------+-------------------------------------------
     0 | D:1      | ANON1729 the Demonspawn Wanderer began the quest for the
                  | Orb.
     0 | D:1      | ANON1729 set off with the following items: a +0 mace, a +0
                  | robe; and the following spells available to memorise:
                  | Apportation, Magic Dart, Call Imp, Blink, Slow, Mephitic
                  | Cloud, Conjure Flame, Portal Projectile
     0 | D:1      | Reached XP level 1. HP: 16/16 MP: 3/3
   232 | D:1      | Slain by a goblin

Illustrated notes

Levels and vault maps discovered:
D:1:      ldierk_walled_garden, layout_basic

Action                   || total
-------------------------++-------
Melee: Mace              ||    19
Armor: Robe              ||     2
Dodge: Dodged            ||    12

Table legend: (Time is in decaauts)
 A = Elapsed time spent in this place.
 B = Non-inter-level travel time spent in this place.
 C = Inter-level travel time spent in this place.
 D = Time resting spent in this place.
 E = Time spent auto-exploring this place.
 F = Levels seen in this place.
 G = Mean time per level.
                   A        B        C        D        E       F      G
               +--------+--------+--------+--------+--------+-----+--------+
         Total |    238 |    238 |      0 |    116 |     70 |   1 |  238.0 |
       Dungeon |    238 |    238 |      0 |    116 |     70 |   1 |  238.0 |
               +--------+--------+--------+--------+--------+-----+--------+

Top non-repeatable levels by time:
     D:1: 238 daAuts
